 Dungeon Crawl Stone Soup version 0.31.0-32-g396128a36d (webtiles) character file.

Game seed: 9141464249027165871

138 ColdPorridge the Trooper (level 5, -1/48 HPs)
             Began as a Minotaur Monk on Mar 31, 2024.
             Killed by divine providence
             ... invoked by an orc priest
              (16 damage)
             ... on level 3 of the Dungeon.
             The game lasted 00:09:13 (1674 turns).

ColdPorridge the Trooper (Minotaur Monk)            Turns: 1674, Time: 00:09:14

Health: -1/48      AC:  7    Str: 17    XL:     5   Next: 1%
Magic:  4/4        EV: 13    Int:  7    God:
Gold:   54         SH:  5    Dex: 13    Spells: 4/4 levels left

rFire   . . .        k - +2 whip (venom)
rCold   + . .        d - orb {light}
rNeg    . . .        b - +0 robe
rPois   .            (helmet restricted)
rElec   .            (no cloak)
rCorr   .            (no gloves)
SInv    .            o - +0 pair of boots
Will    .....        f - amulet of reflection
Stlth   +            j - ring of protection from cold
HPRegen 0.28/turn    q - +4 ring of protection
MPRegen 0.09/turn

%: reflection
@: glowing
A: horns 2, retaliatory headbutt
a: no special abilities


You were on level 3 of the Dungeon.
You visited 1 branch of the dungeon, and saw 3 of its levels.

You collected 54 gold pieces.

Inventory:

Hand Weapons
 a - a +0 hand axe
 k - a +2 whip of venom (weapon)
Missiles
 l - 15 stones (quivered)
Armour
 b - a +0 robe (worn)
 d - an orb of light (worn)
 o - a +0 pair of boots (worn)
Jewellery
 e - a ring of magical power
 f - an amulet of reflection (around neck)
 j - a ring of protection from cold (left hand)
 q - a +4 ring of protection (right hand)
Scrolls
 h - a scroll of summoning {unknown}
 m - a scroll of enchant armour {unknown}
 p - a scroll of teleportation {unknown}
Potions
 c - a potion of ambrosia
 g - a potion of invisibility
 i - a potion of degeneration
 n - a potion of brilliance {unknown}


   Skills:
 + Level 5.0 Fighting
 - Level 4.0(4.3) Axes
 + Level 2.5(3.6) Maces & Flails
 + Level 4.4 Dodging


You had 4 spell levels left.
You didn't know any spells.
Your spell library was empty.

Dungeon Overview and Level Annotations

Branches:
Dungeon (3/15)

Altars:

Shops:
D:2 ?


Innate Abilities, Weirdness & Mutations

You have a pair of horns on your head.
You reflexively headbutt those who attack you in melee.


Message History

A goblin comes into view. It is wielding a +0 dagger.
The goblin shouts!
You hear a shout!
An orc priest comes into view. It is wielding a +0 club.
The goblin moves out of view.
You hear a shout! x2
An orc priest is nearby! 2 orc priests come into view.
The orc priest shouts! x2
The orc priest invokes the aid of Beogh against you.
You barely resist.
An orc comes into view. It is wielding a +0 flail.
An orc comes into view. It is wielding a +0 club.
An orc comes into view. It is wielding a +0 hand axe.
The orc shouts!
The orc priest looks encouraged for a moment.
You hear a shout!
You hit the orc.
The orc is poisoned.
You headbutt the orc.
You kill the orc!
You hit the orc priest but do no damage.
The orc priest is poisoned.
You headbutt the orc priest, but do no damage.
The orc priest invokes the aid of Beogh against you.
Beogh smites you! The orc priest hits you with a +0 club.
You whack the orc priest!
The orc priest looks as sick as possible!
You headbutt the orc priest.
You kill the orc priest!
A hobgoblin comes into view.
The orc priest mumbles some strange prayers to Beogh against you.
Beogh smites you!
* * * LOW HITPOINT WARNING * * *
Your Fighting skill increases to level 5!
You have reached level 5!
You closely miss the goblin. The goblin closely misses you.
Okay, then.
Okay, then.
The orc priest miscasts a cantrip.
The orc priest invokes the aid of Beogh against you.
Beogh smites you!
You die...

##.## o #... ...
#..# ...go##..#
....oo.o.#
.....###o# ...
#.# . #g# #@#
#.#####.#
#####.......#
#...#.#######
#.#)#(#
#######.#...#
#.....#.###.###
###.###..<......#
#8...8#######.#.#


You could see 2 orc priests and a goblin.

Vanquished Creatures
  An orc priest (D:3)
  Terence (D:2)
  Robin (D:2)
  An adder (D:2)
  A ribbon worm (D:3)
  An orc (D:3)
  6 ball pythons
  3 bats
  3 endoplasms (D:2)
  15 goblins
  4 hobgoblins
  6 jackals (D:1)
  5 kobolds
  3 quokkas
  A frilled lizard (D:1)
  3 rats
55 creatures vanquished.

Notes
Turn   | Place    | Note
-------+----------+-------------------------------------------
     0 | D:1      | ColdPorridge the Minotaur Monk began the quest for the Orb.
     0 | D:1      | Reached XP level 1. HP: 19/19 MP: 0/0
   274 | D:1      | Reached XP level 2. HP: 27/27 MP: 1/1
   511 | D:1      | Reached skill level 4 in Fighting
   889 | D:2      | Found Zeh Yhie's Magic Scroll Emporium.
   930 | D:2      | Reached XP level 3. HP: 33/33 MP: 2/2
   950 | D:2      | Reached skill level 1 in Maces & Flails
  1027 | D:2      | Noticed Robin
  1048 | D:2      | Killed Robin
  1049 | D:2      | Reached XP level 4. HP: 13/41 MP: 3/3
  1384 | D:2      | Noticed Terence
  1393 | D:2      | Killed Terence
  1671 | D:3      | Reached skill level 5 in Fighting
  1671 | D:3      | Reached XP level 5. HP: 14/48 MP: 4/4
  1674 | D:3      | Killed from afar by an orc priest

Illustrated notes

Levels and vault maps discovered:
D:1:      lightli_arrival_noodles, layout_basic, nicolae_eternal_life
D:2:      layout_basic, serial_shops, shop, minmay_crystal_water,
          serial_bayou_lagoon_a, uniq_terence, uniq_crazy_yiuf_cottage,
          uniq_robin
D:3:      layout_basic, hellmonk_ecumenical_altar_prayer_group,
          minmay_misc_feat_hallway

Skill      XL: |  1  2  3  4 |
---------------+-------------+-----
Fighting       | 4 5 |  5.0
Axes           | 4 |  4.0
Maces & Flails | 1 2 |  2.5
Dodging        | 4 |  4.4

Action                     |  1- 3 |  4- 6 || total
---------------------------+-------+-------++-------
  Melee: Hand axe          |    29 |       ||    29
         Headbutt          |    12 |    12 ||    24
         Whip              |    32 |    31 ||    63
    Use: Scroll            |       |     2 ||     2
 Armour: Robe              |    50 |     5 ||    55
  Dodge: Dodged            |    67 |     9 ||    76
